 Dungeon Crawl Stone Soup version 0.24.1 (webtiles) character file.

Game seed: 5591132444532360978, levelgen mode: deterministic

66 Destapler the Insei (level 3, -2/27 HPs)
             Began as a Demonspawn Transmuter on Mar 28, 2020.
             Was a Believer of Lugonu.
             Slain by Natasha (8 damage)
             ... on level 3 of the Dungeon.
             The game lasted 00:09:27 (1932 turns).

Destapler the Insei (Demonspawn Transmuter)         Turns: 1932, Time: 00:09:28

Health: -2/27      AC:  2    Str: 11    XL:     3   Next: 96%
Magic:  14/15      EV: 12    Int: 14    God:    Lugonu [**....]
Gold:   37         SH:  0    Dex: 13    Spells: 2/6 levels left

rFire    . . .     SeeInvis .   i - +0 dagger
rCold    . . .     Gourm    .   (no shield)
rNeg     . . .     Faith    .   b - +0 robe
rPois    .         Spirit   .   (helmet restricted)
rElec    .         Reflect  .   (no cloak)
rCorr    .         Harm     .   (no gloves)
MR       .....                  (boots currently unavailable)
Stlth    +.........             (no amulet)
HPRegen  0.09/turn              (no ring)
MPRegen  0.14/turn              f - ring of magical power

@: appendage
A: antennae 1, talons 3, spiny 1
a: End Transformation, Depart the Abyss, Bend Space, Renounce Religion


You were on level 3 of the Dungeon.
You worshipped Lugonu.
Lugonu was pleased with you.
You were not hungry.
You had grown temporary talons.
You visited 1 branch of the dungeon, and saw 3 of its levels.

You collected 37 gold pieces.

Inventory:

Hand Weapons
 i - a +0 dagger (weapon)
Missiles
 a - 12 arrows
 e - 66 stones (quivered)
Armour
 b - a +0 robe (worn)
Jewellery
 f - a ring of magical power (right hand)
Scrolls
 c - a scroll of noise {unknown}
 k - 2 scrolls of remove curse {unknown}
 m - a scroll of amnesia {unknown}
Potions
 g - a potion of curing
 h - a potion of lignification {unknown}
 j - 2 potions of invisibility {unknown}
Comestibles
 d - 5 rations


   Skills:
 + Level 1.7 Fighting
 + Level 2.2 Dodging
 + Level 0.5 Stealth
 - Level 2.9 Unarmed Combat
 + Level 2.4 Spellcasting
 + Level 2.2 Transmutations
 * Level 0.8 Poison Magic
 + Level 0.5 Invocations


You had 2 spell levels left.
You knew the following spells:

 Your Spells              Type           Power        Failure   Level  Hunger
a - Beastly Appendage     Tmut           #.....       9%          1    #......
S - Spider Form           Tmut/Pois      #.........   36%         3    ###....

Your spell library contained the following spells:

 Spells                   Type           Power        Failure   Level  Hunger
 Sticks to Snakes         Tmut           #.......     14%         2    ###....
 Ice Form                 Ice/Tmut       #.......     80%         4    #####..
 Blade Hands              Tmut           #.........   94%         5    ######.


Dungeon Overview and Level Annotations

Branches:
Dungeon (3/15)

Altars:
Lugonu

Annotations:
D:3 Natasha


Innate Abilities, Weirdness & Mutations

You have a pair of small antennae on your head.
You are partially covered in sharp spines.
You have claws for feet.


Message History

Casting: Beastly Appendage (safe; 9% risk of failure)
Confirm with . or Enter, or press ? or * to list all spells.
Your feet morph into talons.
Natasha stares at you and mumbles some strange words.
The magic dart hits you!
You barely miss Natasha. Natasha casts a spell at you. The magic dart hits you!
* * * LOW HITPOINT WARNING * * *
You hit Natasha. Your kick misses Natasha.
Natasha is lightly wounded.
Natasha claws you.
* * * LOW HITPOINT WARNING * * *
You closely miss Natasha.
Natasha is lightly wounded.
Natasha barely misses you.
You hit Natasha.
Natasha is moderately wounded.
Natasha is struck by your spines. Natasha claws you!
You die...

..... #....
##...# ....
#...
###..#####.#
#...)......#
#h@......+
.......######.#
...$... #..#.##
..... ..## .


You could see Natasha.

Vanquished Creatures
  3 adders (D:2)
  An ooze (D:1)
  A worm (D:2)
  3 dart slugs
  A leopard gecko (D:2)
  3 giant cockroaches
  A ball python (D:1)
  2 bats
  5 goblins
  3 kobolds (D:1)
  5 rats (D:1)
28 creatures vanquished.

Notes
Turn   | Place    | Note
-------+----------+-------------------------------------------
     0 | D:1      | Destapler the Demonspawn Transmuter began the quest for the
                  | Orb.
     0 | D:1      | Reached XP level 1. HP: 15/15 MP: 3/3
   254 | D:1      | Lost mutation: You have a pair of horns on your head.
                  | [demonic ancestry]
   254 | D:1      | Lost mutation: You have a pair of small horns on your head.
                  | [demonic ancestry]
   254 | D:1      | Gained mutation: You have a pair of small antennae on your
                  | head. [demonic ancestry]
   254 | D:1      | Reached XP level 2. HP: 20/21 MP: 3/5
  1017 | D:2      | Found a faded altar of an unknown god.
  1024 | D:2      | Became a worshipper of Lugonu the Unformed
  1024 | D:2      | Reached * piety under Lugonu
  1024 | D:2      | Reached ** piety under Lugonu
  1127 | D:2      | Gained mutation: You are partially covered in sharp spines.
                  | [demonic ancestry]
  1127 | D:2      | Reached XP level 3. HP: 16/26 MP: 6/6
  1172 | D:2      | Learned a level 3 spell: Spider Form
  1926 | D:3      | Noticed Natasha
  1932 | D:3      | Slain by Natasha

Levels and vault maps discovered:
D:1:      minmay_arrival_nine_rooms, layout_basic, amethyst_killhole,
          chequers_serial_rivers_micro_e, chequers_serial_rivers_large_a
D:2:      layout_loops_ring, chequers_ecumenical_altar_simple
D:3:      layout_basic, uniq_natasha, uniq_jessica

Skill      XL: |  1  2 |
---------------+-------+-----
Dodging        | 2 |  2.2
Transmutations | 2 |  2.2
Fighting       | |  1.7
Stealth        | |  0.5
Unarmed Combat | |  2.9
Spellcasting   | |  2.4
Poison Magic   | |  0.8
Invocations    | |  0.5

Action                   || total
-------------------------++-------
Melee: Unarmed           ||    32
       Headbutt          ||     3
       Kick              ||     7
       Dagger            ||    76
       Punch             ||     1
 Cast: Beastly Appendage ||    10
  Use: Potion            ||     1
 Stab: Sleeping          ||     2
  Eat: Chunk             ||     3
Armor: Robe              ||    15
Dodge: Dodged            ||    56
